 Dungeon Crawl Stone Soup version 0.24-a0-434-gd57e52fea8 (webtiles) character file.

Game seed: 6562942488873451229

14471 theanonym the Slicer (level 11, 0/84 HPs)
             Began as a Mummy Enchanter on June 15, 2019.
             Was an Initiate of Gozag.
             Slain by an ettin (10 damage)
             ... on level 3 of the Lair of Beasts.
             The game lasted 00:25:24 (17042 turns).

theanonym the Slicer (Mummy Enchanter)             Turns: 17042, Time: 00:25:25

Health: 0/84       AC: 26    Str: 21    XL:     11   Next: 89%
Magic:  15/15      EV:  4    Int: 16    God:    Gozag
Gold:   1003       SH:  7    Dex: 12    Spells: 14/15 levels left

rFire    . . .     SeeInvis .   a - +8 scimitar (flame)
rCold    + . .     Gourm    .   z - +0 shield
rNeg     + + +     Faith    .   c - +3 plate armour {rF+}
rPois    ∞         Spirit   .   m - +2 helmet
rElec    .         Reflect  .   g - +1 cloak
rCorr    .         Harm     .   l - +2 pair of gloves
MR       +....                  p - +0 pair of boots
Stlth    ..........             (no amulet)
HPRegen  0.24/turn              o - ring of Hovyhy {Str+4 Stlth-}
MPRegen  0.14/turn              w - +3 ring of strength

@: about to teleport
A: no food or potions, fire vulnerability, cold resistance 1, negative energy
resistance 3, torment resistance, unbreathing
a: Potion Petition, Call Merchant, Bribe Branch, Renounce Religion


Innate Abilities, Weirdness & Mutations

You do not eat or drink.
Your flesh is vulnerable to fire.
You are immune to poison.
Your flesh is cold resistant. (rC+)
You are immune to negative energy. (rN+++)
You are immune to unholy pain and torment.
You can survive without breathing.


   Skills:
 - Level 7.4 Fighting
 - Level 9.8(11.3) Short Blades
 + Level 9.5(11.2) Long Blades
 - Level 6.4 Armour
 - Level 1.5 Dodging
 - Level 2.4 Stealth
 - Level 2.6 Spellcasting
 - Level 2.6 Hexes


You had 14 spell levels left.
You knew the following spells:

 Your Spells              Type           Power        Failure   Level  Hunger
a - Corona                Hex            ##.....      100%        1    N/A

Your spell library contained the following spells:

 Spells                   Type           Power        Failure   Level  Hunger
 Animate Skeleton         Necr           N/A          100%        1    N/A
 Apportation              Tloc           #.....       100%        1    N/A
 Confusing Touch          Hex            ##....       100%        1    N/A
 Magic Dart               Conj           #...         100%        1    N/A
 Sting                    Conj/Pois      #...         100%        1    N/A
 Summon Small Mammal      Summ           #...         100%        1    N/A
 Blink                    Tloc           N/A          100%        2    N/A
 Call Imp                 Summ           #.......     100%        2    N/A
 Corpse Rot               Necr           N/A          100%        2    N/A
 Ensorcelled Hibernation  Hex/Ice        #.....       100%        2    N/A
 Poisonous Vapours        Pois/Air       #.....       100%        2    N/A
 Slow                     Hex            ##......     100%        2    N/A
 Confuse                  Hex            ##......     100%        3    N/A
 Conjure Flame            Conj/Fire      #.......     100%        3    N/A
 Dazzling Spray           Conj/Hex       #.....       100%        3    N/A
 Mephitic Cloud           Conj/Pois/Air  #.......     100%        3    N/A
 Tukima's Dance           Hex            ##......     100%        3    N/A
 Olgreb's Toxic Radiance  Pois           #.......     100%        4    N/A
 Agony                    Necr           #.......     100%        5    N/A
 Bolt of Draining         Conj/Necr      #.........   100%        5    N/A
 Dispel Undead            Necr           #.......     100%        5    N/A
 Excruciating Wounds      Chrm/Necr      #.........   100%        5    N/A
 Venom Bolt               Conj/Pois      #.........   100%        5    N/A
 Sublimation of Blood     Necr           Unusable     N/A         2    N/A

Skill      XL: |  1  2  3  4  5  6  7  8  9 10 11 |
---------------+----------------------------------+-----
Short Blades   | 1 2 3 4 5 6 8 9 |  9.8
Armour         | 1 2 3 5 6 |  6.4
Fighting       | 2 4 5 7 |  7.4
Long Blades    | 5 9 |  9.5
Dodging        | |  1.5
Stealth        | |  2.4
Spellcasting   | |  2.6
Hexes          | |  2.6

Action                   |  1- 3 |  4- 6 |  7- 9 | 10-12 || total
-------------------------+-------+-------+-------+-------++-------
Melee: Dagger            |   258 |   275 |   682 |    64 ||  1279
       Falchion          |       |     5 |    12 |       ||    17
       Scimitar          |       |       |       |   479 ||   479
Throw: Throwing net      |       |       |     4 |       ||     4
Invok: Potion Petition   |       |       |     1 |     2 ||     3
Evoke: Wand              |       |       |     9 |    21 ||    30
  Use: Scroll            |       |     8 |     9 |    13 ||    30
 Stab: Invisible         |       |       |     3 |       ||     3
       Held in net/web   |       |       |     3 |       ||     3
       Distracted        |       |       |     2 |     1 ||     3
Armor: Plate armour      |   208 |   181 |   388 |   427 ||  1204
Dodge: Dodged            |    37 |    29 |   171 |    97 ||   334
Block: Shield            |       |       |    54 |   214 ||   268
       Rpst.: Falchion   |       |       |     1 |       ||     1
       Scimitar          |       |       |       |    36 ||    36

Inventory:

Hand Weapons
 a - a +8 scimitar of flaming (weapon)
 b - the +4 dagger "Zeffaxik" {pierce, rElec Str+3}

   It inflicts extra damage upon your enemies.
   It affects your strength (+3).
   It insulates you from electricity.
Armour
 c - a +3 plate armour of fire resistance (worn)
 g - a +1 cloak (worn)
 l - a +2 pair of gloves (worn)
 m - a +2 helmet (worn)
 p - a +0 pair of boots (worn)
 z - a +0 shield (worn)
Jewellery
 j - an uncursed ring of resist corrosion
 o - the ring of Hovyhy (left hand) {Str+4 Stlth-}

   [ring of attention]

   It affects your strength (+4).
   It makes you less stealthy.
 w - a +3 ring of strength (right hand)
Wands
 d - a wand of digging (4)
 e - a wand of paralysis (9)
 k - a wand of iceblast (9)
 q - a wand of polymorph (3)
Scrolls
 f - 2 scrolls of fog
 h - 3 scrolls of fear
 i - 2 scrolls of amnesia
 n - 6 scrolls of remove curse
 r - 4 scrolls of identify
 t - 2 scrolls of teleportation


You were on level 3 of the Lair of Beasts.
You worshipped Gozag.
Gozag was most pleased with you.
You were not hungry.

You visited 2 branches of the dungeon, and saw 13 of its levels.

You collected 2181 gold pieces.
You spent 126 gold pieces at shops.
You paid 1052 gold pieces to Gozag.

Dungeon Overview and Level Annotations

Branches:
Dungeon (10/15)            Temple (0/1) D:7            Lair (3/6) D:10
    Orc (0/2) D:10
  Swamp: Lair:2-4    Shoals: Lair:2-4     Snake: Lair:2-4    Spider: Lair:2-4

Altars:
Dithmenos
Gozag
Kikubaaqudgha
Okawaru
Qazlal
Vehumet
Xom
The Shining One
Beogh

Shops:
D:4 *

Annotations:
D:9 4 runed translucent doors, vurker's ghost, journeyman MiGl
Lair:1 exclusion: 3 oklob plants

..P. ###... ... ##... ...
... .... ..... ##.. ...##
#....# #P.# ....# #....#
##.P## ...# ##....###.P..#
. ...###.....##..P@## ..
....#......#...P.C## ...
##...........#.P...## ....
####......##.##P...###.....
##.....#####..#.........
#.....####....#.....##.
#####..##...#####...#
#..#....# #..... ###..#.##
.##..


You could see an ettin.

Notes
Turn   | Place    | Note
-------+----------+-------------------------------------------
     0 | D:1      | theanonym the Mummy Enchanter began the quest for the Orb.
     0 | D:1      | Reached XP level 1. HP: 13/13 MP: 4/4
    29 | D:1      | Reached skill level 1 in Short Blades
   157 | D:1      | Reached XP level 2. HP: 13/19 MP: 5/5
   361 | D:1      | Reached skill level 2 in Short Blades
   704 | D:2      | Reached XP level 3. HP: 23/24 MP: 7/7
   718 | D:2      | HP: 12/24 [worm (4)]
   994 | D:2      | HP: 12/24 [quokka (4)]
  1000 | D:2      | HP: 9/24 [hobgoblin/+0 club (1)]
  1196 | D:2      | HP: 12/24 [worm (7)]
  1414 | D:2      | Reached skill level 1 in Armour
  1546 | D:2      | Found a glowing golden altar of the Shining One.
  1781 | D:2      | Found a faded altar of an unknown god.
  1929 | D:2      | Reached XP level 4. HP: 19/30 MP: 8/8
  2207 | D:2      | Found a runed translucent door.
  2208 | D:2      | Noticed Crazy Yiuf
  2296 | D:3      | HP: 14/30 [orc/+0 flail (4)]
  2300 | D:3      | Reached skill level 3 in Short Blades
  2662 | D:3      | Noticed Sigmund
  3156 | D:4      | HP: 4/30 [orc priest/divine providence (14)]
  3508 | D:2      | Killed Crazy Yiuf
  3508 | D:2      | Reached XP level 5. HP: 24/35 MP: 5/9
  3790 | D:3      | Killed Sigmund
  3790 | D:3      | Reached skill level 4 in Short Blades
  3790 | D:3      | Reached XP level 6. HP: 31/41 MP: 10/10
  3990 | D:4      | Reached skill level 5 in Short Blades
  4030 | D:4      | You fall into a shaft and drop 2 floors!
  4189 | D:5      | Entered Level 5 of the Dungeon
  4280 | D:5      | Got a scorched dagger
  4281 | D:5      | Identified the +4 dagger "Zeffaxik" {pierce, rElec Str+3}
                  | (You found it on level 5 of the Dungeon)
  4332 | D:4      | Reached XP level 7. HP: 44/46 MP: 11/11
  4340 | D:4      | Reached skill level 6 in Short Blades
  4571 | D:4      | Found Ycenux's Assorted Antiques.
  4581 | D:4      | Bought a steaming steel ring for 90 gold pieces
  4581 | D:4      | Bought a scroll of identify for 36 gold pieces
  4581 | D:4      | Identified the ring of Hovyhy {Str+4 Stlth-} (You bought it
                  | in a shop on level 4 of the Dungeon)
  4726 | D:4      | Reached skill level 1 in Fighting
  4859 | D:4      | HP: 24/48 [gnoll/+0 spear (3)]
  4864 | D:4      | HP: 19/48 [gnoll/+0 spear (6)]
  5064 | D:3      | Found a shimmering altar of Xom.
  5269 | D:4      | HP: 24/48 [orc/cursed -3 hand axe (2)]
  5286 | D:4      | Reached skill level 2 in Armour
  5718 | D:5      | Found an opulent altar of Gozag.
  5719 | D:5      | Found a shadowy altar of Dithmenos.
  5739 | D:5      | HP: 24/49 [centaur/arrow (4)]
  5752 | D:5      | HP: 24/49 [centaur/arrow (2)]
  5958 | D:5      | HP: 22/49 [gnoll/+0 halberd of protection (7)]
  5964 | D:4      | Reached skill level 2 in Fighting
  6158 | D:5      | Reached XP level 8. HP: 42/56 MP: 12/12
  6163 | D:5      | HP: 22/56 [gnoll/+0 spear (7)]
  6207 | D:5      | Became a worshipper of Gozag Ym Sagoz the Greedy
  6699 | D:5      | Reached skill level 7 in Short Blades
  6988 | D:6      | Found an iron altar of Okawaru.
  7112 | D:6      | Reached skill level 3 in Fighting
  7112 | D:6      | Reached skill level 3 in Armour
  7866 | D:7      | HP: 28/58 [vampire mosquito (8)]
  7875 | D:7      | HP: 9/58 [vampire mosquito (8)]
  7884 | D:7      | Reached skill level 8 in Short Blades
  7888 | D:7      | HP: 3/60 [vampire mosquito (8)]
  7889 | D:7      | Reached skill level 4 in Fighting
  8245 | D:7      | Reached XP level 9. HP: 65/65 MP: 13/13
  8305 | D:7      | Found a staircase to the Ecumenical Temple.
  8382 | D:7      | Reached skill level 4 in Armour
  9103 | D:7      | Found a staircase to the Ecumenical Temple.
  9422 | D:8      | Found a radiant altar of Vehumet.
 10007 | D:9      | Found a runed translucent gate.
 10007 | D:9      | Noticed vurker's ghost (journeyman MiGl)
 10011 | D:9      | Identified the +6 chain mail of the Dungeon {-Cast Dex+9}
 10031 | D:9      | Reached skill level 5 in Fighting
 10085 | D:9      | Noticed a manticore
 10095 | D:9      | Killed a manticore
 10095 | D:9      | Reached skill level 9 in Short Blades
 10104 | D:9      | HP: 30/68 [ogre/+0 giant club (7)]
 10330 | D:9      | Reached skill level 5 in Armour
 10460 | D:9      | HP: 30/68 [orc warrior/+0 mace (7)]
 10483 | D:9      | HP: 20/68 [wyvern (7)]
 10488 | D:9      | HP: 11/68 [wyvern (8)]
 10493 | D:9      | HP: 8/68 [wyvern (4)]
 10504 | D:9      | HP: 7/68 [orc/+0 war axe (3)]
 10850 | D:9      | Found an ancient bone altar of Kikubaaqudgha.
 11146 | D:9      | Reached XP level 10. HP: 75/76 MP: 14/14
 11158 | D:9      | Found a glowing golden altar of the Shining One.
 11158 | D:9      | Found a runed translucent door.
 11158 | D:9      | Noticed an angel
 11215 | D:9      | Reached skill level 6 in Fighting
 11490 | D:9      | Reached skill level 1 in Long Blades
 11498 | D:9      | HP: 36/76 [orc warrior/+0 halberd (5)]
 11503 | D:9      | HP: 35/76 [orc warrior/+0 halberd (2)]
 11510 | D:9      | HP: 34/76 [orc wizard/+0 dagger (1)]
 11516 | D:9      | HP: 34/77 [orc wizard/magic dart (1)]
 11746 | D:9      | Noticed a death knight
 11746 | D:9      | Noticed an orc knight
 11756 | D:9      | HP: 26/77 [death knight/+1 great sword (21)]
 11761 | D:9      | Killed a death knight
 11761 | D:9      | Reached skill level 2 in Long Blades
 11833 | D:9      | Noticed a deep troll
 11833 | D:9      | an orc knight changed into a deep troll
 11837 | D:9      | HP: 32/77 [deep troll (17)]
 11838 | D:9      | HP: 15/77 [deep troll (12)]
 12183 | D:9      | Reached skill level 3 in Long Blades
 12327 | D:9      | Noticed a torpor snail
 12327 | D:9      | a deep troll changed into a torpor snail
 12339 | D:9      | Killed a torpor snail
 12339 | D:9      | Reached skill level 6 in Armour
 12423 | D:9      | Reached skill level 7 in Fighting
 12439 | D:9      | Found a runed translucent gate.
 12443 | D:9      | Found a runed translucent gate.
 12446 | D:9      | Found a roughly hewn altar of Beogh.
 12644 | D:10     | Entered Level 10 of the Dungeon
 12710 | D:10     | Found a staircase to the Lair.
 12710 | D:10     | Noticed an oklob plant
 12745 | D:10     | Reached skill level 4 in Long Blades
 12956 | D:10     | Killed an oklob plant
 13202 | D:10     | Found a staircase to the Orcish Mines.
 13257 | D:10     | Noticed a sea snake
 13548 | Lair:1   | Entered Level 1 of the Lair of Beasts
 13612 | Lair:1   | Reached skill level 5 in Long Blades
 13612 | Lair:1   | Reached XP level 11. HP: 47/84 MP: 15/15
 13614 | Lair:1   | HP: 41/84 [killer bee (7)]
 13632 | Lair:1   | HP: 34/84 [killer bee (5)]
 13639 | Lair:1   | HP: 32/84 [killer bee (1)]
 13645 | Lair:1   | HP: 19/84 [killer bee (5)]
 13648 | Lair:1   | HP: 8/84 [killer bee (4)]
 13651 | Lair:1   | HP: 3/84 [killer bee (4)]
 14065 | Lair:1   | You fall into a shaft and drop 1 floor!
 14110 | Lair:2   | Found a stormy altar of Qazlal.
 14135 | Lair:2   | Reached skill level 6 in Long Blades
 14526 | Lair:1   | Found an opulent altar of Gozag.
 14534 | Lair:1   | Reached skill level 7 in Long Blades
 14567 | Lair:1   | Noticed an oklob plant
 14573 | Lair:1   | Noticed an oklob plant
 14578 | Lair:1   | Noticed an oklob plant
 14578 | Lair:1   | Noticed an oklob plant
 14690 | Lair:1   | Killed an oklob plant
 14691 | Lair:1   | HP: 37/84 [oklob plant/splash of acid (7)]
 14977 | Lair:1   | HP: 41/84 [acid (5)]
 15271 | Lair:1   | HP: 40/84 [oklob plant/splash of acid (4)]
 15273 | Lair:1   | HP: 16/84 [acid (7)]
 15948 | Lair:2   | Reached skill level 8 in Long Blades
 16286 | Lair:2   | Reached skill level 9 in Long Blades
 16679 | Lair:3   | Noticed a six-headed hydra
 16698 | Lair:2   | HP: 36/84 [black mamba (9)]
 16703 | Lair:2   | HP: 29/84 [wolf (8)]
 17027 | Lair:3   | Noticed a five-headed hydra
 17029 | Lair:3   | Noticed an ettin
 17029 | Lair:3   | a five-headed hydra changed into an ettin
 17036 | Lair:3   | HP: 42/84 [ettin (3)]
 17037 | Lair:3   | HP: 9/84 [ettin (16)]
 17042 | Lair:3   | Slain by an ettin

Vanquished Creatures
  A death knight (D:9)
  2 oklob plants
  A manticore (D:9)
  A torpor snail (D:9)
  A black mamba (Lair:2)
  A centaur zombie (D:10)
  3 spiny frogs
  A komodo dragon (Lair:1)
  An efreet (D:9)
  A queen bee (Lair:1)
  2 hippogriffs (Lair:2)
  Sigmund (D:3)
  2 wyverns (D:9)
  14 yaks
  A spriggan (Lair:1)
  A hungry ghost (D:9)
  4 vampire mosquitoes (D:7)
  4 water moccasins
  3 porcupines
  2 ice beasts (D:9)
  2 sky beasts
  A hornet zombie (D:9)
  An orc warrior (D:9)
  3 phantoms
  A black bear (Lair:1)
  2 wolves
  6 centaurs
  7 ogres
  5 crocodiles
  8 bullfrogs
  3 scorpions
  A howler monkey (D:4)
  24 killer bees
  6 crimson imps
  2 bullfrog zombies
  A quasit (D:10)
  3 hounds
  A gnoll shaman (D:4)
  A jelly (D:9)
  Crazy Yiuf (D:2)
  A bullfrog skeleton (D:6)
  7 orc priests
  4 iguanas
  9 orc wizards
  8 worker ants
  2 howler monkey zombies
  2 worker ant zombies
  9 gnolls
  9 adders
  2 shadow imps
  2 oozes
  2 adder zombies
  3 worms (D:2)
  3 dart slugs
  7 leopard geckos
  31 orcs
  3 ball pythons
  3 giant cockroaches
  4 goblins
  8 hobgoblins
  8 jackals
  11 kobolds
  5 quokkas
  3 bats
  5 frilled lizards
  A leopard gecko zombie (D:5)
  A quokka skeleton (D:9)
  2 quokka zombies
  8 rats
  3 plants
292 creatures vanquished.

Vanquished Creatures (others)
  A plant (Lair:1)
1 creature vanquished.

Grand Total: 293 creatures vanquished

Table legend:
 A = Turns spent in this place as a percentage of turns spent in the entire game.
 B = Non-inter-level travel turns spent in this place as a percentage of non-inter-level travel turns spent in the entire game.
 C = Inter-level travel turns spent in this place as a percentage of turns spent in this place.
 D = Turns resting spent in this place as a percentage of non-inter-level travel turns spent in this place.
 E = Turns spent auto-exploring this place as a percentage of non-inter-level travel turns spent in this place.
 F = Non-inter-level travel turns spent in this place divided by the number of levels of this place that you've seen.
                   A       B       C       D       E      F
               +-------+-------+-------+-------+-------+----------------------
         Total | 100.0 | 100.0 |   5.0 |  39.1 |  41.9 | 1245.5
       Dungeon |  79.5 |  78.7 |   6.0 |  37.0 |  43.4 | 1273.6
          Lair |  20.5 |  21.3 |   1.1 |  46.9 |  36.1 | 1152.0
               +-------+-------+-------+-------+-------+----------------------
